 Dungeon Crawl Stone Soup version 0.18.1-48-g4cf74bf (webtiles) character file.

476 OtbRedBaron the Covered (level 7, -4/52 HPs)
             Began as a Human Wanderer on July 24, 2016.
             Killed by divine providence
             ... invoked by an orc priest
              (13 damage)
             ... on level 5 of the Dungeon on July 26, 2016.
             The game lasted 00:42:42 (5435 turns).

OtbRedBaron the Covered (Human Wanderer)            Turns: 5435, Time: 00:42:43

Health: -4/52      AC: 18    Str: 12    XL:     7   Next: 33%
Magic:  7/7        EV:  4    Int: 10    God:
Gold:   272        SH:  0    Dex: 18    Spells: 0 memorised, 6 levels left

rFire  . . .     SeeInvis .     b - +0 long sword
rCold  . . .     Gourm    .     i - +1 plate armour
rNeg   . . .     Faith    .     (no shield)
rPois  +         Spirit   .     (no helmet)
rElec  .         Dismiss  .     (no cloak)
rCorr  .         Reflect  .     e - +0 pair of gloves
SustAt .         Harm     .     (no boots)
MR     .....                    n - amulet of magic regeneration
Stlth  ..........               (no ring)
                                k - ring of poison resistance

@: lethally poisoned (-4 -> -10), about to teleport, not resistant to hostile
enchantments, extremely unstealthy
A: rough black scales 1, clever 1, subdued magic 1
a: no special abilities


You were on level 5 of the Dungeon.
You were not hungry.

You visited 1 branch of the dungeon, and saw 5 of its levels.

You collected 272 gold pieces.

Inventory:

Hand Weapons
 b - a +0 long sword (weapon)
Missiles
 d - 23 bolts
 g - 74 arrows
Armour
 e - a +0 pair of gloves (worn)
 i - a +1 plate armour (worn)
Jewellery
 k - a ring of poison resistance (left hand)
 n - an amulet of magic regeneration (around neck)
Wands
 q - a wand of lightning (5/15)
Scrolls
 l - a scroll of amnesia
 m - 3 scrolls of remove curse
Potions
 c - 2 potions of cure mutation
Comestibles
 f - 4 bread rations
 j - a beef jerky
 r - a fruit


   Skills:
 + Level 3.0 Fighting
   Level 0.6(1.6) Short Blades
 + Level 2.3(2.4) Long Blades
   Level 1.0 Maces & Flails
 + Level 2.4 Throwing
 + Level 5.1 Armour
 + Level 2.1 Dodging
 + Level 1.3 Stealth
 + Level 2.6 Unarmed Combat


You had 6 spell levels left.
You didn't know any spells.

Dungeon Overview and Level Annotations

Branches:
Dungeon (5/15)
 Temple: D:4-7

Altars:
Cheibriados
Elyvilon
Fedhas
Okawaru
Yredelemnul

Annotations:
D:5 Sigmund


Innate Abilities, Weirdness & Mutations

You are partially covered in rough black scales (AC +4, Dex -1).
Your mind is acute. (Int +2)
Your spells are a little easier to cast, but a little less powerful.


Message History

t - Shout!
Orders for allies: a - Attack new target. r - Retreat! s - Stop attacking. w - Wait here. f - Follow me.
Anything else - Stay silent.
Okay, then.
Read which item? (? for menu, Esc to quit)
As you read the scroll of teleportation, it crumbles to dust.
You feel strangely unstable.
You feel sick.
The orc wizard hits you but does no damage.
You are more poisoned.
You hit the orc priest but do no damage.
The orc priest is lightly wounded.
You feel sick.
The orc priest calls upon Beogh to heal the orc wizard.
The orc wizard's wounds heal themselves!
The orc wizard hits you but does no damage.
The orc priest mumbles some strange prayers to Beogh against you.
Beogh smites you!
You die...

#........
#.....o.###
#.........
#.......#
#.......#
#.####.###
#........#
#.......o########
#......(Oo@##...#
.'.......O#o##...#
##.#####..#......#
#. ...#####...# ##
# ##### #...# #.
#...##########.
#.............<
#.....##########
#.###..........


You could see 2 ogres, an orc priest, an orc wizard and an orc.

Vanquished Creatures
  A wasp (D:3)
  2 ogres (D:5)
  A hound (D:3)
  2 worker ants
  5 adders
  An ooze (D:3)
  2 worms (D:2)
  A dart slug (D:3)
  4 giant geckos
  7 orcs
  4 giant cockroaches
  3 goblins
  10 hobgoblins
  6 jackals
  2 quokkas
  A ball python (D:1)
  3 bats
  A giant cockroach zombie (D:5)
  9 giant newts (D:3)
  9 kobolds
  6 rats
  6 plants (D:3)
86 creatures vanquished.

Notes
Turn   | Place    | Note
--------------------------------------------------------------
     0 | D:1      | OtbRedBaron the Human Wanderer began the quest for the Orb.
     0 | D:1      | OtbRedBaron set off with: a +2 dagger, a scroll of fear, a potion of curing, a scroll of teleportation, a +0 robe, a bread ration
     0 | D:1      | Reached XP level 1. HP: 15/15 MP: 1/1
   126 | D:2      | Found a blossoming altar of Fedhas.
   577 | D:1      | Reached XP level 2. HP: 21/21 MP: 2/2
  1079 | D:1      | You fall through a shaft!
  1137 | D:2      | Reached XP level 3. HP: 19/26 MP: 3/3
  1560 | D:2      | Reached XP level 4. HP: 26/32 MP: 4/4
  2411 | D:3      | Reached skill level 3 in Armour
  2411 | D:3      | Reached XP level 5. HP: 28/38 MP: 5/5
  2615 | D:3      | Noticed a wasp
  2639 | D:3      | Killed a wasp
  2639 | D:3      | Reached skill level 4 in Armour
  2639 | D:3      | Reached XP level 6. HP: 5/44 MP: 6/6
  2648 | D:3      | HP: 2/44 [poisoned by a wasp]
  2656 | D:3      | HP: 1/44 [poisoned by a wasp]
  3322 | D:3      | Reached skill level 1 in Long Blades
  4506 | D:4      | Found a white marble altar of Elyvilon.
  4626 | D:4      | Got an encrusted long sword
  4773 | D:4      | Found an iron altar of Okawaru.
  4773 | D:4      | Found a snail-covered altar of Cheibriados.
  5005 | D:4      | Found a basalt altar of Yredelemnul.
  5125 | D:5      | Entered Level 5 of the Dungeon
  5149 | D:5      | Noticed an ogre
  5159 | D:5      | Killed an ogre
  5159 | D:5      | Reached XP level 7. HP: 39/51 MP: 7/7
  5165 | D:5      | Noticed Sigmund
  5177 | D:5      | Reached skill level 5 in Armour
  5367 | D:5      | Gained mutation: Your spells are a little easier to cast, but a little less powerful. [potion of mutation]
  5367 | D:5      | Gained mutation: You are partially covered in rough black scales (AC +4, Dex -1). [potion of mutation]
  5367 | D:5      | Gained mutation: Your mind is acute. (Int +2) [potion of mutation]
  5435 | D:5      | Killed from afar by an orc priest

Skill      XL: |  1  2  3  4  5  6  7 |
---------------+----------------------+-----
Armour         | 3 4 5 |  5.1
Fighting       | 2 3 |  3.0
Long Blades    | 1 2 |  2.3
Dodging        | 2 |  2.1
Short Blades   | |  0.6
Maces & Flails | |  1.0
Throwing       | |  2.4
Stealth        | |  1.3
Unarmed Combat | |  2.6

Action                   |  1- 3 |  4- 6 |  7- 9 || total
-------------------------+-------+-------+-------++-------
Melee: Dagger            |   113 |    48 |       ||   161
       Long sword        |       |   393 |    45 ||   438
       Punch             |       |     6 |     1 ||     7
Evoke: Wand              |       |     1 |       ||     1
  Use: Scroll            |     2 |     8 |     2 ||    12
       Potion            |     2 |     2 |     4 ||     8
 Stab: Sleeping          |     2 |       |       ||     2
  Eat: Beef jerky        |     1 |       |       ||     1
       Meat ration       |       |     2 |       ||     2
       Fruit             |       |     4 |       ||     4
       Royal jelly       |       |     1 |       ||     1
Armor: Plate armour      |    97 |   244 |    37 ||   378
       Robe              |     3 |       |       ||     3
Dodge: Dodged            |    11 |    43 |    10 ||    64
